 Dungeon Crawl Stone Soup version 0.20.0-10-g0535bb4 (webtiles) character file.

6123 anfisbena the Cruncher (level 11, -7/90 HPs)
             Began as a Formicid Fighter on June 3, 2017.
             Was a High Priest of Okawaru.
             Killed from afar by Erolcha (40 damage)
             ... with a crystal spear
             ... on level 9 of the Dungeon.
             The game lasted 00:08:22 (7139 turns).

anfisbena the Cruncher (Formicid Fighter)           Turns: 7139, Time: 00:08:23

Health: -7/90      AC: 20    Str: 20    XL:     11   Next: 12%
Magic:  11/11      EV:  4    Int:  9    God:    Okawaru [*****.]
Gold:   434        SH:  9    Dex: 13    Spells: 10/10 levels left

rFire    . . .     SeeInvis +   A - +3 quarterstaff (chaos)
rCold    . . .     Gourm    .   c - +0 shield
rNeg     . . .     Faith    .   g - +3 plate armour {MR+}
rPois    .         Spirit   .   (helmet unavailable)
rElec    .         Reflect  .   y - +0 cloak
rCorr    .         Harm     .   (no gloves)
MR       ++...                  b - +0 pair of boots
Stlth    ..........             s - amulet of regeneration
Regen    0.7/turn               u - +5 ring of slaying
MPRegen  0.2/turn               (no ring)

@: no status effects
A: permanent stasis, dig shafts and tunnels, four strong arms, antennae 3,
hooves 1, slimy green scales 1
a: Dig, Shaft Self, Heroism, Finesse, Renounce Religion


You were on level 9 of the Dungeon.
You worshipped Okawaru.
Okawaru was extremely pleased with you.
You were not hungry.

You visited 2 branches of the dungeon, and saw 10 of its levels.

You collected 434 gold pieces.

Inventory:

Hand Weapons
 A - a +3 quarterstaff of chaos (weapon)
Armour
 b - a +0 pair of boots (worn)
 c - a +0 shield (worn)
 g - a +3 plate armour of magic resistance (worn)
 y - a +0 cloak (worn)
Jewellery
 s - an amulet of regeneration (around neck)
 u - a +5 ring of slaying (left hand)
Wands
 H - a wand of acid (9/15)
Scrolls
 e - 8 scrolls of identify {unknown}
 n - 3 scrolls of enchant weapon {unknown}
 o - a scroll of fog {unknown}
 p - 3 scrolls of magic mapping {unknown}
 r - a scroll of fear {unknown}
 t - 2 scrolls of teleportation {unknown}
 v - 8 scrolls of remove curse {unknown}
 w - a scroll of immolation {unknown}
 C - 2 scrolls of noise {unknown}
 D - a scroll of amnesia {unknown}
 F - a scroll of recharging {unknown}
 G - a scroll of blinking {unknown}
Potions
 a - a potion of haste
 d - a potion of might
 h - 3 potions of curing
 j - 2 potions of ambrosia {unknown}
 l - 4 potions of flight {unknown}
 x - a potion of mutation {unknown}
 z - 2 potions of heal wounds {unknown}
 B - 3 potions of brilliance {unknown}
 E - a potion of resistance {unknown}
 I - 2 potions of lignification {unknown}
Comestibles
 f - 7 bread rations
 i - 5 meat rations
 k - 9 chunks of flesh
 m - 5 royal jellies
 q - 6 fruits


   Skills:
 - Level 10.0 Fighting
 * Level 12.5 Staves
 + Level 6.2 Armour
 - Level 3.6 Shields


You had 10 spell levels left.
You didn't know any spells.

Dungeon Overview and Level Annotations

Branches:
Dungeon (9/15)             Temple (1/1) D:4
   Lair: D:8-11         Orc: D:9-12

Altars:
Ashenzari
Cheibriados
Dithmenos
Elyvilon
Fedhas
Gozag
Hepliaklqana
Kikubaaqudgha
Makhleb
Nemelex Xobeh
Okawaru
Qazlal
Sif Muna
Trog
Uskayaw
Vehumet
Xom
Yredelemnul
Zin
The Shining One

Annotations:
D:9 exclusion: ice statue, Erolcha


Innate Abilities, Weirdness & Mutations

You cannot be hasted, slowed, berserked, paralysed or teleported.
You can dig through walls and to a lower floor.
Your four strong arms can wield two-handed weapons with a shield.
You have a pair of large antennae on your head. (SInv)
You have large cloven feet.
You are partially covered in slimy green scales. (AC +2)


Message History

Erolcha hits you but does no damage.
You hit Erolcha but do no damage.
Erolcha is poisoned.
Erolcha is lightly wounded.
Erolcha points at you and mumbles some strange words.
The crystal spear hits you!
* * * LOW HITPOINT WARNING * * *
You thump Erolcha! You freeze Erolcha.
Erolcha is moderately wounded.
You block Erolcha's attack.
Your shield and plate armour prevent you from hitting Erolcha.
Erolcha is moderately wounded.
Erolcha hits you but does no damage.
You bludgeon Erolcha!!
Erolcha seems to slow down.
Erolcha is severely wounded.
You sock Erolcha!
Erolcha flickers and vanishes for a moment.
Erolcha is almost dead.
Erolcha points at you and mumbles some strange words.
The crystal spear hits you!
You die...

## .... #.# ......{ {
.. ...... .# # ..... {
##. ####..# #O# ..##.#
##@# .....# #..#
##...##########.######
##....................
##.###...........####
##...............#
#.................#
##..................
#.................##


You could see Erolcha (invisible).

Vanquished Creatures
  The ghost of oliv1008 the Martial Artist, a journeyman MfTm of Makhleb (D:8)
  Pikel (D:9)
  The ghost of anfisbena the Twirler, a novice FoFi of Ru (D:6)
  Grinder (D:6)
  A hornet (D:9)
  Prince Ribbit (D:9)
  A hippogriff (D:8)
  Sigmund (D:2)
  Edmund (D:6)
  4 slaves (D:9)
  2 orc warriors
  A black bear (D:9)
  A phantom (D:4)
  3 sky beasts
  4 ogres
  3 centaurs
  2 big kobolds
  5 bullfrogs
  Blork the orc (D:5)
  A water moccasin zombie (D:4)
  8 scorpions
  A howler monkey (D:5)
  3 centaur zombies
  3 crimson imps
  2 bullfrog zombies (D:4)
  A hound (D:9)
  9 orc wizards
  6 orc priests
  Crazy Yiuf (D:3)
  2 iguanas
  7 worker ants
  4 hound zombies (D:4)
  2 hound skeletons
  A worker ant zombie (D:4)
  15 adders
  A howler monkey skeleton (D:4)
  An adder skeleton (D:9)
  4 worms
  A dart slug (D:3)
  4 leopard geckos
  38 orcs
  17 bats
  4 giant cockroaches
  7 goblins
  11 hobgoblins
  10 jackals
  15 kobolds
  3 quokkas
  A ball python zombie (D:4)
  4 frilled lizards
  A giant cockroach zombie (D:4)
  A leopard gecko skeleton (D:4)
  3 leopard gecko zombies (D:4)
  4 rats
  A fungus (D:7)
232 creatures vanquished.

Vanquished Creatures (collateral kills)
  An orc priest (D:8)
  An iguana (D:8)
  2 orcs (D:8)
4 creatures vanquished.

Vanquished Creatures (others)
  A fungus (D:7)
1 creature vanquished.

Grand Total: 237 creatures vanquished

Notes
Turn   | Place    | Note
-------+----------+-------------------------------------------
     0 | D:1      | anfisbena the Formicid Fighter began the quest for the Orb.
     0 | D:1      | Reached XP level 1. HP: 18/18 MP: 1/1
     2 | D:1      | Noticed a tengu
     4 | D:1      | Noticed a halfling
     4 | D:1      | Noticed a human
     6 | D:1      | Noticed a demigod
     6 | D:1      | Noticed a vampire
     8 | D:1      | Noticed a demonspawn
     8 | D:1      | Noticed a vine stalker
    10 | D:1      | Noticed a naga
    10 | D:1      | Noticed an elf
    12 | D:1      | Noticed a ghoul
    12 | D:1      | Noticed a merfolk
    16 | D:1      | Noticed an octopode
    16 | D:1      | Noticed a draconian
    18 | D:1      | Noticed a spriggan
    18 | D:1      | Noticed a minotaur
    20 | D:1      | Noticed a felid
    20 | D:1      | Noticed a troll
    22 | D:1      | Noticed a centaur
    22 | D:1      | Noticed a gargoyle
    24 | D:1      | Noticed an ogre
    26 | D:1      | Noticed a formicid
    26 | D:1      | Noticed a dwarf
    57 | D:1      | Reached XP level 2. HP: 20/24 MP: 2/2
   408 | D:1      | Reached XP level 3. HP: 30/30 MP: 3/3
   926 | D:2      | Reached skill level 3 in Staves
  1010 | D:2      | Noticed Sigmund
  1026 | D:2      | Killed Sigmund
  1026 | D:2      | Reached skill level 5 in Fighting
  1026 | D:2      | Reached skill level 4 in Staves
  1026 | D:2      | Reached XP level 4. HP: 24/39 MP: 4/4
  1026 | D:2      | Reached XP level 5. HP: 27/44 MP: 5/5
  1026 | D:2      | Reached XP level 6. HP: 32/51 MP: 6/6
  1501 | D:2      | Found a basalt altar of Yredelemnul.
  1776 | D:3      | Found an opulent altar of Gozag.
  1845 | D:3      | Found a runed door.
  2726 | D:3      | Noticed Crazy Yiuf
  2730 | D:3      | Killed Crazy Yiuf
  2730 | D:3      | Reached skill level 5 in Staves
  2730 | D:3      | Reached XP level 7. HP: 58/58 MP: 7/7
  3034 | D:4      | Reached skill level 6 in Staves
  3053 | D:4      | Found a stormy altar of Qazlal.
  3087 | D:4      | Reached XP level 8. HP: 65/67 MP: 8/8
  3270 | D:4      | Found a staircase to the Ecumenical Temple.
  3302 | Temple   | Entered the Ecumenical Temple
  3447 | Temple   | Became a worshipper of Warmaster Okawaru
  3591 | D:5      | Entered Level 5 of the Dungeon
  3981 | D:5      | Noticed Blork the orc
  3985 | D:5      | Killed Blork the orc
  3985 | D:5      | Reached skill level 7 in Staves
  4139 | D:5      | Reached * piety under Okawaru
  4158 | D:6      | Noticed Grinder
  4173 | D:6      | Noticed anfisbena's ghost (novice FoFi)
  4178 | D:6      | Killed Grinder
  4188 | D:6      | Killed anfisbena's ghost
  4188 | D:6      | Reached ** piety under Okawaru
  4188 | D:6      | Reached skill level 8 in Staves
  4188 | D:6      | Reached XP level 9. HP: 44/75 MP: 9/9
  4319 | D:6      | Noticed Edmund
  4332 | D:6      | Reached skill level 9 in Staves
  4338 | D:6      | Killed Edmund
  4780 | D:6      | Reached *** piety under Okawaru
  4780 | D:6      | Reached skill level 10 in Staves
  4860 | D:6      | Found an iron altar of Okawaru.
  4881 | D:6      | Reached XP level 10. HP: 72/84 MP: 10/10
  5299 | D:7      | Reached skill level 10 in Fighting
  5348 | D:7      | Found a blossoming altar of Fedhas.
  5500 | D:7      | Reached skill level 11 in Staves
  5914 | D:8      | Gained mutation: You have large cloven feet. [mutagenic meat]
  5915 | D:8      | Gained mutation: You are partially covered in slimy green scales. (AC +2) [mutagenic meat]
  6135 | D:8      | Reached **** piety under Okawaru
  6138 | D:8      | Found a sparkling altar of Nemelex Xobeh.
  6176 | D:8      | Noticed oliv1008's ghost (journeyman MfTm)
  6198 | D:8      | Killed oliv1008's ghost
  6198 | D:8      | Reached skill level 5 in Armour
  6554 | D:9      | Noticed Prince Ribbit
  6666 | D:9      | Killed Prince Ribbit
  6666 | D:9      | Reached ***** piety under Okawaru
  6666 | D:9      | Reached skill level 12 in Staves
  6691 | D:9      | Noticed an ice statue
  6692 | D:9      | Noticed Pikel
  6730 | D:9      | Killed Pikel
  6730 | D:9      | Reached XP level 11. HP: 46/90 MP: 11/11
  6842 | D:9      | Received a gift from Okawaru
  7130 | D:9      | Noticed Erolcha
  7139 | D:9      | Killed from afar by Erolcha

Skill      XL: |  1  2  3  4  5  6  7  8  9 10 11 |
---------------+----------------------------------+-----
Fighting       | 5 6 7 8 9 10 | 10.0
Staves         | 4 5 6 8 10 12 | 12.5
Armour         | 5 6 |  6.2
Shields        | |  3.6

Action                   |  1- 3 |  4- 6 |  7- 9 | 10-12 || total
-------------------------+-------+-------+-------+-------++-------
Melee: Quarterstaff      |   127 |   134 |   244 |   253 ||   758
 Abil: Dig               |       |       |       |     2 ||     2
 Stab: Petrified         |       |       |     3 |       ||     3
       Petrifying        |       |       |     2 |       ||     2
       Paralysed         |       |       |     1 |     1 ||     2
       Confused          |       |       |       |     3 ||     3
       Held in net/web   |       |       |       |     1 ||     1
  Eat: Chunk             |     1 |     5 |     7 |    10 ||    23
Armor: Scale mail        |    13 |       |       |       ||    13
       Plate armour      |    70 |    64 |   163 |   128 ||   425
Dodge: Dodged            |    30 |    15 |    40 |    18 ||   103
Block: Shield            |    63 |    52 |   150 |    96 ||   361
